 Dungeon Crawl Stone Soup version 0.24.0-2-g5b39cebb1c (webtiles) character file.

Game seed: 11310746007223307001, levelgen mode: deterministic

938 Lanoc the Skirmisher (level 8, 0/130 HPs)
             Began as an Ogre Chaos Knight on Oct 30, 2019.
             Was a Plaything of Xom.
             Succumbed to a killer bee's poison
             ... on level 7 of the Dungeon.
             The game lasted 00:07:21 (2912 turns).

Lanoc the Skirmisher (Ogre Chaos Knight)            Turns: 2912, Time: 00:07:21

Health: 0/130      AC: 24    Str: 22    XL:     8   Next: 12%
Magic:  8/8        EV:  1    Int: 13    God:    Xom [...*..]
Gold:   105        SH:  5    Dex: 15    Spells: 7/7 levels left

rFire    . . .     SeeInvis +   a - +0 mace (chaos)
rCold    . . .     Gourm    .   (no shield)
rNeg     + + +     Faith    .   (armour currently unavailable)
rPois    +         Spirit   .   (helmet currently unavailable)
rElec    .         Reflect  +   (cloak currently unavailable)
rCorr    .         Harm     .   (gloves unavailable)
MR       .....     NoTele   +   (boots unavailable)
Stlth    +.........             l - +5 amulet of reflection
HPRegen  0.31/turn              m - ring of wizardry
MPRegen  0.11/turn              o - ring of see invisible

@: mighty, agile, lethally poisoned (0 -> -4), tree-form, glowing
A: large, unfitting armour
a: Renounce Religion


You were on level 7 of the Dungeon.
You worshipped Xom.
You were a favourite toy of Xom.
You were not hungry.
You were a tree.
You visited 2 branches of the dungeon, and saw 6 of its levels.

You collected 105 gold pieces.

Inventory:

Hand Weapons
 a - a +0 mace of chaos (weapon)
Missiles
 n - 7 atropa-tipped darts (quivered)
Armour
 b - a +2 robe (melded)
Jewellery
 l - a +5 amulet of reflection (around neck)
 m - a ring of wizardry (left branch)
 o - a ring of see invisible (right branch)
Wands
 k - a wand of clouds (5)
 s - a wand of disintegration (16)
Scrolls
 e - a scroll of amnesia
 q - a scroll of noise {unknown}
 r - a scroll of fear {unknown}
 u - a scroll of silence {unknown}
Potions
 j - a potion of magic
 t - a potion of might
Miscellaneous
 g - a lamp of fire
Comestibles
 c - 2 rations


   Skills:
 + Level 7.1 Fighting
 * Level 6.4 Maces & Flails
 + Level 4.5 Dodging


You had 7 spell levels left.
You didn't know any spells.
Your spell library was empty.

Dungeon Overview and Level Annotations

Branches:
Dungeon (7/15)             Temple (1/1) D:6

Altars:
Fedhas


Innate Abilities, Weirdness & Mutations

You are too large for most types of armour.
((You have tough skin. (AC +1)))
((You are partially covered in slimy green scales. (AC +2)))
((Your flesh is heat resistant. (rF+)))


Message History

Xom's power touches on you for a moment.
Your body is suffused with distortional energy.
You feel resistant to heat.
Slimy green scales grow over part of your body.
The killer bee stings you but does no damage.
You sock the killer bee!
You kill the killer bee!
* * * LOW HITPOINT WARNING * * *
You feel sick.
Okay, then.
As you read the scroll labeled TUITUR MAUSSOIPE, it crumbles to dust.
It is a scroll of amnesia.
You feel forgetful for a moment.
* * * LOW HITPOINT WARNING * * *
You feel sick.
As you read the scroll labeled UJYCZO HUISUXEI, it crumbles to dust.
It is a scroll of enchant armour.
You aren't carrying any armour which can be enchanted further.
You die...
Xom bursts into laughter!

#....#.......##
#..#.......###
#..#....#....#
######..#....#....#
###.......#....#....#
#.......#.#....#....#
#.......#.#....#....#
#.......#.##...#....##
#####♣###.###.##....+.
#†# .# #.##....## #.#
.# #.#.....# ...
).#.###### ...
###†###... #...#
#†.....# ##.##
#######.[# ..#
#.[....).# #.######.#


There were no monsters in sight!

Vanquished Creatures
  Sigmund (D:2)
  A black bear (D:6)
  2 bullfrogs (D:6)
  2 scorpions (D:7)
  3 killer bees (D:7)
  An orc wizard (D:6)
  An orc priest (D:3)
  2 hounds
  Jessica (D:3)
  Terence (D:2)
  2 worker ants
  A hound skeleton (D:6)
  Robin (D:2)
  An adder (D:6)
  A shadow imp (D:6)
  An adder zombie (D:6)
  4 worms
  A dart slug (D:2)
  A leopard gecko (D:2)
  9 orcs
  A ball python (D:3)
  5 bats
  8 giant cockroaches
  8 goblins (D:2)
  7 hobgoblins
  6 jackals
  2 quokkas
  2 frilled lizards
  3 kobolds
  A leopard gecko skeleton (D:7)
  A quokka zombie (D:6)
  5 rats
86 creatures vanquished.

Notes
Turn   | Place    | Note
-------+----------+-------------------------------------------
     0 | D:1      | Lanoc the Ogre Chaos Knight began the quest for the Orb.
     0 | D:1      | Reached XP level 1. HP: 24/24 MP: 1/1
    58 | D:1      | XOM: divination: detect items
    64 | D:1      | Reached XP level 2. HP: 20/32 MP: 2/2
   113 | D:2      | Noticed Terence
   124 | D:2      | Killed Terence
   124 | D:2      | Reached XP level 3. HP: 27/40 MP: 3/3
   169 | D:2      | Noticed Robin
   389 | D:1      | XOM: harmless Pois miscast
   443 | D:2      | XOM: divination: detect creatures
   450 | D:2      | Killed Robin
   452 | D:2      | Reached XP level 4. HP: 7/49 MP: 4/4
   457 | D:2      | HP: 1/49 [goblin/+0 club[Robin] (3)]
   893 | D:2      | XOM: god gift: lamp of fire
  1055 | D:2      | Noticed Sigmund
  1060 | D:2      | XOM: god gift: twisted ring mail {god gift}
  1061 | D:2      | XOM: enchant monster (good)
  1063 | D:2      | XOM: fog
  1073 | D:2      | Killed Sigmund
  1073 | D:2      | Reached skill level 5 in Fighting
  1073 | D:2      | Reached XP level 5. HP: 33/57 MP: 5/5
  1073 | D:2      | Reached XP level 6. HP: 38/66 MP: 6/6
  1274 | D:3      | Noticed Jessica
  1274 | D:3      | XOM: enchant monster (good)
  1280 | D:3      | Killed Jessica
  1727 | D:3      | You fall into a shaft and drop 3 floors!
  1731 | D:6      | Reached skill level 5 in Maces & Flails
  1792 | D:6      | XOM: mild Conj miscast
  1804 | D:6      | XOM: silly message
  1807 | D:6      | Found a staircase to the Ecumenical Temple.
  1811 | D:6      | Reached skill level 6 in Fighting
  1834 | Temple   | Entered the Ecumenical Temple
  2148 | D:6      | Noticed a black bear
  2149 | D:6      | XOM: enchant monster (bad)
  2156 | D:6      | Killed a black bear
  2156 | D:6      | Reached XP level 7. HP: 64/75 MP: 7/7
  2276 | D:6      | XOM: stat loss: -1 Str (16/17)
  2278 | D:6      | XOM: harmless Tmut miscast
  2280 | D:6      | XOM: polymorph orc wizard -> bullfrog
  2337 | D:6      | XOM: 2-stop teleportation journey
  2445 | D:6      | XOM: confuse monster(s)
  2560 | D:6      | XOM: 1-stop teleportation journey
  2604 | D:7      | XOM: confusion
  2670 | D:7      | XOM: enchant monster (good)
  2711 | D:7      | XOM: god gift: shiny ring mail {god gift}
  2887 | D:7      | XOM: destruction
  2892 | D:7      | Reached skill level 7 in Fighting
  2892 | D:7      | Reached XP level 8. HP: 55/87 MP: 8/8
  2904 | D:7      | XOM: mild Hex miscast
  2907 | D:7      | HP: 5/130 [killer bee (2)]
  2909 | D:7      | HP: 2/130 [poisoned by a killer bee]
  2909 | D:7      | XOM: give mutations
  2909 | D:7      | Gained mutation: Your flesh is heat resistant. (rF+) [Xom's
                  | grace]
  2909 | D:7      | Gained mutation: You are partially covered in slimy green
                  | scales. (AC +2) [Xom's grace]
  2912 | D:7      | Succumbed to a killer bee's poison

Levels and vault maps discovered:
D:1:      lemuel_arrival_room, layout_basic, minmay_pentomino_t4
D:2:      layout_basic, minmay_worlds_worst_comb, uniq_terence, uniq_sigmund,
          uniq_robin
D:3:      layout_basic, first_ration, uniq_jessica
D:6:      layout_basic, minmay_temple_entry_slanted
D:7:      layout_basic, grunt_ogre_cave, uniq_crazy_yiuf_cottage
Temple:   regret_index_temple_sigil_plot

Skill      XL: |  1  2  3  4  5  6  7 |
---------------+----------------------+-----
Maces & Flails | 3 4 5 6 |  6.4
Fighting       | 5 6 7 |  7.1
Dodging        | 3 4 |  4.5

Action                   |  1- 3 |  4- 6 |  7- 9 || total
-------------------------+-------+-------+-------++-------
Melee: Mace              |    62 |   174 |    91 ||   327
  Use: Potion            |       |       |     5 ||     5
       Scroll            |       |       |     2 ||     2
 Stab: Petrified         |       |     8 |       ||     8
       Petrifying        |       |     3 |       ||     3
       Sleeping          |       |     1 |       ||     1
       Paralysed         |       |       |     8 ||     8
  Eat: Chunk             |       |     4 |     3 ||     7
Armor: Robe              |    33 |    67 |    25 ||   125
       Skin              |       |       |     6 ||     6
Dodge: Dodged            |    39 |   113 |    39 ||   191
Block: Other             |       |     2 |    19 ||    21
